 Dungeon Crawl Stone Soup version 0.17-a0-1711-gc5340a3 (webtiles) character file.

690 kae the Arsonist (level 7, 0/36 HPs)
             Began as a Tengu Fire Elementalist on Aug 22, 2015.
             Was an Initiate of Vehumet.
             Slain by a worker ant (2 damage)
             ... on level 6 of the Dungeon.
             The game lasted 00:09:28 (4890 turns).

kae the Arsonist (Tengu Fire Elementalist)          Turns: 4890, Time: 00:09:29

Health: 0/36       AC:  6    Str:  8      XL:     7   Next: 63%
Magic:  0/11       EV: 12    Int: 16 (17) God:    Vehumet [......]
Gold:   154        SH:  0    Dex: 15      Spells: 3 memorised, 4 levels left

rFire  . . .     SeeInvis .     h - +1 spear
rCold  . . .     Clarity  .     a - +1 robe
rNeg   . . .     SustAt   .     (no shield)
rPois  .         Gourm    .     (helmet restricted)
rElec  .         Spirit   .     (no cloak)
rCorr  .         Warding  .     x - +2 pair of gloves
rMut   .         Stasis   .     (boots unavailable)
MR     .....                    (no amulet)
Stlth  ++........               (no ring)
                                (no ring)

@: very slightly contaminated, not resistant to hostile enchantments, unstealthy
A: beak, talons 3, able to fly 1
a: Fly, Renounce Religion


You were on level 6 of the Dungeon.
You worshipped Vehumet.
Vehumet was noncommittal.
You were not hungry.

You visited 2 branches of the dungeon, and saw 7 of its levels.

You collected 154 gold pieces.

Inventory:

Hand weapons
 h - a +1 spear (weapon)
 m - a +0 hand axe
 o - a +0 halberd
 q - a +1 short sword of speed
 y - a +0 short sword of protection
Armour
 a - a +1 robe (worn)
 x - a +2 pair of gloves (worn)
Scrolls
 g - a scroll of teleportation {unknown}
 j - a scroll of random uselessness
 n - 4 scrolls of identify
 p - a scroll of immolation
 s - 2 scrolls of magic mapping
Potions
 e - a potion of heal wounds
 t - a potion of poison
 w - 2 potions of degeneration
Books
 b - a book of Flames

   Spells                             Type                      Level
   a - Flame Tongue                   Conjuration/Fire             1
   b - Throw Flame                    Conjuration/Fire             2
   c - Conjure Flame                  Conjuration/Fire             3
   d - Inner Flame                    Hexes/Fire                   3
   e - Sticky Flame                   Conjuration/Fire             4
   f - Fireball                       Conjuration/Fire             5
 i - a book of Callings

   Spells                             Type                      Level
   a - Summon Small Mammal            Summoning                    1
   b - Call Imp                       Summoning                    2
   c - Call Canine Familiar           Summoning                    3
   d - Summon Guardian Golem          Hexes/Summoning              3
   e - Summon Lightning Spire         Summoning/Air                4
   f - Summon Ice Beast               Ice/Summoning                4
 v - a book of the Earth

   Spells                             Type                      Level
   a - Leda's Liquefaction            Hexes/Earth                  4
   b - Bolt of Magma                  Conjuration/Fire/Earth       5
   c - Statue Form                    Transmutation/Earth          6
   d - Iron Shot                      Conjuration/Earth            6
   e - Shatter                        Earth                        9
Comestibles
 c - 4 bread rations
 f - 2 beef jerkies
 l - a meat ration


   Skills:
 - Level 2.1 Dodging
 - Level 2.0 Stealth
 - Level 2.0 Spellcasting
 - Level 1.3 Conjurations
 + Level 9.5 Fire Magic


You had 4 spell levels left.
You knew the following spells:

 Your Spells              Type           Power        Failure   Level  Hunger
a - Flame Tongue          Conj/Fire      ###..        2%          1    #......
b - Throw Flame           Conj/Fire      ###...       4%          2    ###....
c - Conjure Flame         Conj/Fire      ###.....     10%         3    ###....


Dungeon Overview and Level Annotations

Branches:
Dungeon (6/15)             Temple (1/1) D:6

Altars:
Ashenzari
Dithmenos
Elyvilon
Fedhas
Gozag
Makhleb
Nemelex Xobeh
Sif Muna
Trog
Vehumet
Xom
Yredelemnul
Zin
The Shining One

Shops:
D:4 (

Annotations:
D:4 Grinder


Innate Abilities, Weirdness & Mutations

You have a beak for a mouth.
You have claws for feet.
You can fly.


Message History

Confirm with . or Enter, or press ? or * to list all spells.
You don't have enough magic to cast that spell.
Casting: Flame Tongue
Confirm with . or Enter, or press ? or * to list all spells.
You don't have enough magic to cast that spell.
Casting: Flame Tongue
Confirm with . or Enter, or press ? or * to list all spells.
You don't have enough magic to cast that spell.
Casting: Flame Tongue
Confirm with . or Enter, or press ? or * to list all spells.
You don't have enough magic to cast that spell.
You barely miss the worker ant. Your kick misses the worker ant.
The worker ant is heavily wounded.
The worker ant bites you!
* * * LOW HITPOINT WARNING * * *
You closely miss the worker ant.
You peck the worker ant, but do no damage.
The worker ant is heavily wounded.
The worker ant bites you.
You die...

#.# #.# #.# ### #.#
..# #.# #># #.# #.#
#.# #.# #########.#
#######.####.a@......#
.............#########
######.###### #.#
####.# #....# #.####
#.# #.#


You could see a worker ant.

Vanquished Creatures
  A sky beast (D:6)
  An ogre (D:5)
  A scorpion (D:6)
  A crimson imp (D:6)
  A hound (D:6)
  An orc priest (D:5)
  An orc wizard (D:6)
  Jessica (D:3)
  A worker ant (D:6)
  Terence (D:3)
  Natasha (D:4)
  4 gnolls
  12 adders
  2 worms (D:3)
  12 orcs
  A ball python (D:2)
  9 bats
  2 giant cockroaches
  5 goblins
  5 hobgoblins
  4 jackals (D:3)
  3 kobolds
  3 giant newts
  A quokka (D:3)
  8 rats
82 creatures vanquished.

Notes
Turn   | Place    | Note
--------------------------------------------------------------
     0 | D:1      | kae the Tengu Fire Elementalist began the quest for the Orb.
     0 | D:1      | Reached XP level 1. HP: 10/10 MP: 4/4
   252 | D:1      | Reached XP level 2. HP: 9/15 MP: 0/6
   340 | D:1      | Reached skill level 4 in Fire Magic
   617 | D:1      | Reached XP level 3. HP: 19/19 MP: 5/7
  1340 | D:2      | Found a shattered altar of Ashenzari.
  1399 | D:2      | Reached skill level 5 in Fire Magic
  1513 | D:3      | Noticed Terence
  1524 | D:2      | Learned a level 2 spell: Throw Flame
  1528 | D:2      | Learned a level 3 spell: Conjure Flame
  1564 | D:3      | Found a burning altar of Makhleb.
  1773 | D:3      | Reached XP level 4. HP: 24/24 MP: 0/8
  2122 | D:3      | Killed Terence
  2122 | D:3      | Reached skill level 6 in Fire Magic
  2275 | D:3      | Gained mutation: You can fly. [Tengu growth]
  2275 | D:3      | Reached XP level 5. HP: 28/28 MP: 9/9
  2359 | D:3      | Noticed Jessica
  2365 | D:3      | Killed Jessica
  3183 | D:4      | Found a blossoming altar of Fedhas.
  3345 | D:4      | Reached skill level 7 in Fire Magic
  3501 | D:4      | Noticed Natasha
  3519 | D:4      | Killed Natasha
  3519 | D:4      | Reached XP level 6. HP: 29/32 MP: 1/10
  3637 | D:4      | Found Bewuaw's Antique Weapon Emporium.
  3684 | D:4      | Found a glowing silver altar of Zin.
  3684 | D:4      | Found a white marble altar of Elyvilon.
  3684 | D:4      | Found a glowing golden altar of the Shining One.
  3759 | D:4      | Noticed Grinder
  3767 | D:4      | Paralysed by Grinder for 2 turns
  3771 | D:5      | Entered Level 5 of the Dungeon
  4103 | D:5      | Reached skill level 8 in Fire Magic
  4345 | D:6      | Reached XP level 7. HP: 30/36 MP: 3/11
  4385 | D:6      | Reached skill level 9 in Fire Magic
  4611 | D:6      | Found a staircase to the Ecumenical Temple.
  4618 | Temple   | Entered the Ecumenical Temple
  4663 | Temple   | Became a worshipper of Vehumet
  4890 | D:6      | Slain by a worker ant

Vault maps used:
D:1:      matt_arrival_spirals
D:2:      ashenzari_altar_1
D:3:      bloody_makhleb, uniq_jessica, uniq_terence
D:4:      good_gods_mini_temple, kennysheep_little_box,
          gammafunk_temple_overflow_statue, serial_shops, shop, first_bread,
          uniq_natasha, uniq_grinder
D:5:      lemuel_coloured_pillars_altar, portal_sewer_entry_e, roderic_batcave
D:6:      temple_green, nicolae_ossuary_entry_false_entrances,
          uniq_crazy_yiuf_cottage, uniq_blork_the_orc, uniq_sigmund
Temple:   jpeg_temple_alley_garden_8

Action                   |  1- 3 |  4- 6 |  7- 9 || total
-------------------------+-------+-------+-------++-------
Melee: Unarmed           |    11 |       |       ||    11
       Hand axe          |    14 |       |       ||    14
       Spear             |       |    38 |    76 ||   114
 Cast: Flame Tongue      |    46 |   101 |    21 ||   168
       Throw Flame       |     4 |     3 |     2 ||     9
       Conjure Flame     |     1 |     5 |     2 ||     8
  Use: Scroll            |     5 |     5 |       ||    10
       Potion            |       |     6 |     7 ||    13
 Stab: Sleeping          |     1 |     2 |       ||     3
  Eat: Chunk             |     3 |    11 |     2 ||    16
       Meat ration       |       |       |     1 ||     1
